 Dungeon Crawl Stone Soup version 0.21.1-1-g345015fe64 (webtiles) character file.

63 Gargoyl the Skirmisher (level 3, -2/33 HPs)
             Began as a Centaur Abyssal Knight on Apr 18, 2018.
             Was a Follower of Lugonu.
             Shot with a stone by a goblin (3 damage)
             ... led by Robin
             ... on level 2 of the Dungeon.
             The game lasted 00:02:23 (1197 turns).

Gargoyl the Skirmisher (Centaur Abyssal Knight)     Turns: 1197, Time: 00:02:26

Health: -2/33      AC:  8    Str: 16    XL:     3   Next: 87%
Magic:  4/4        EV:  4    Int: 13    God:    Lugonu [*.....]
Gold:   98         SH:  0    Dex:  9    Spells: 2/2 levels left

rFire    . . .     SeeInvis .   a - +2 hand axe
rCold    + . .     Gourm    .   (no shield)
rNeg     + . .     Faith    .   i - +0 plate armour
rPois    .         Spirit   .   (no helmet)
rElec    .         Reflect  .   (no cloak)
rCorr    .         Harm     .   (no gloves)
MR       .....                  (no barding)
Stlth    ..........             (no amulet)
HPRegen  0.11/turn              k - ring of positive energy
MPRegen  0.09/turn              (no ring)

@: lethally poisoned (-2 -> -6), very quick
A: large, hooves 3, clever 1, cold resistance 1, deformed body, speed 2, strong
1, tough skin 3, sturdy frame 1
a: Depart the Abyss, Renounce Religion


You were on level 2 of the Dungeon.
You worshipped Lugonu.
Lugonu was aware of your devotion.
You were not hungry.

You visited 1 branch of the dungeon, and saw 2 of its levels.
You visited the Abyss 1 time.

You collected 98 gold pieces.

Inventory:

Hand Weapons
 a - a +2 hand axe (weapon)
Armour
 i - a +0 plate armour (worn)
Jewellery
 k - a ring of positive energy (left hand)
Scrolls
 b - a scroll of teleportation
 f - a scroll of fear
Potions
 e - a potion of magic {unknown}
 g - a potion of ambrosia {unknown}
 h - 2 potions of haste {unknown}
 n - a potion of cancellation {unknown}
Comestibles
 c - 2 rations


   Skills:
 + Level 3.7 Fighting
 + Level 2.1 Axes
 * Level 2.1 Armour
 + Level 0.6 Dodging
 * Level 2.6 Invocations


You had 2 spell levels left.
You didn't know any spells.

Dungeon Overview and Level Annotations

Branches:
Dungeon (2/15)

Altars:


Innate Abilities, Weirdness & Mutations

You have hooves in place of feet.
Armour fits poorly on your strangely shaped body.
You cover ground very quickly.
You have extremely tough skin. (AC +3)
Your mind is acute. (Int +2)
Your flesh is cold resistant. (rC+)
Your muscles are strong. (Str +2)
Your movements are slightly less encumbered by armour. (ER -2)


Message History

You closely miss the adder. You hit the goblin.
You kill the goblin!
Lugonu accepts your kill.
You feel sick. The adder bites you but does no damage.
The goblin shoots a stone.
The stone hits you but does no damage.
Your plate armour prevents you from hitting the adder.
Your kick misses the adder.
You feel sick. The adder barely misses you.
The goblin shoots a stone.
The stone hits you.
* * * LOW HITPOINT WARNING * * *
The adder barely misses you.
You closely miss the adder. The adder bites you.
* * * LOW HITPOINT WARNING * * *
The goblin shoots a stone.
The stone hits you but does no damage.
You completely miss the adder.
* * * LOW HITPOINT WARNING * * *
You feel sick.
The goblin no longer looks unusually strong.
The adder bites you but does no damage.
The goblin shoots a stone.
The stone hits you.
You die...

...................
..
#.####..$..!....###
#. #
...#..#......... #.
#. #.#..##.##...#.
#.##.(......#...#
##........#.## ....
#.....g..##.# P###
#....)).....#
#.....@....?#
..[....S####+#
######+#l


gg gr. .... ..... ...... You could see an adder, a hobgoblin, 3 goblins, a
frilled lizard and a rat.

Vanquished Creatures
  Robin (D:2)
  An adder (D:2)
  2 worms (D:2)
  2 dart slugs (D:1)
  A leopard gecko (D:1)
  5 bats
  A giant cockroach (D:1)
  6 goblins
  4 hobgoblins
  6 kobolds
  A rat (D:1)
30 creatures vanquished.

Notes
Turn   | Place    | Note
-------+----------+-------------------------------------------
     0 | Abyss:1  | Gargoyl the Centaur Abyssal Knight began the quest for the Orb.
     0 | Abyss:1  | Reached XP level 1. HP: 19/19 MP: 2/2
    36 | Abyss:2  | Gained mutation: Your mind is acute. (Int +2) [potion of mutation]
    36 | Abyss:2  | Gained mutation: Your muscles are strong. (Str +2) [potion of mutation]
    36 | Abyss:2  | Gained mutation: Your movements are slightly less encumbered by armour. (ER -2) [potion of mutation]
    36 | Abyss:2  | Gained mutation: Your flesh is cold resistant. (rC+) [potion of mutation]
    58 | Abyss:2  | Noticed a raiju
    59 | D:1      | Escaped the Abyss
    66 | D:1      | Noticed a wyvern
    66 | D:1      | Noticed a black mamba
    68 | D:1      | Noticed a komodo dragon
   119 | D:1      | Reached * piety under Lugonu
   208 | D:1      | Reached XP level 2. HP: 26/26 MP: 3/3
   804 | D:2      | Reached XP level 3. HP: 23/31 MP: 4/4
  1181 | D:2      | Noticed Robin
  1192 | D:2      | Killed Robin
  1196 | D:2      | HP: 1/33 [adder (3)]
  1197 | D:2      | Shot with a stone by a goblin

Skill      XL: |  1  2  3 |
---------------+----------+-----
Axes           | 2 |  2.1
Armour         | 2 |  2.1
Fighting       | |  3.7
Dodging        | |  0.6
Invocations    | |  2.6

Action                   || total
-------------------------++-------
Melee: Hand axe          ||    84
       Kick              ||    10
Invok: Depart the Abyss  ||     1
  Use: Potion            ||     1
       Scroll            ||     6
Armor: Chain mail        ||    58
       Plate armour      ||    16
Dodge: Dodged            ||    33
